 Dungeon Crawl Stone Soup version 0.21.1-1-g345015f (webtiles) character file.

8472 Falco the Cleaver (level 11, -8/97 HPs)
             Began as a Deep Dwarf Artificer on May 3, 2018.
             Was a Priest of Makhleb.
             Mangled by Snorg (14 damage)
             ... on level 12 of the Dungeon on May 4, 2018.
             The game lasted 01:17:33 (9035 turns).

Falco the Cleaver (Deep Dwarf Artificer)            Turns: 9035, Time: 01:17:34

Health: -8/97      AC: 16    Str: 27    XL:     11   Next: 10%
Magic:  6/6        EV: 18    Int: 16    God:    Makhleb [***...]
Gold:   221        SH:  0    Dex: 14    Spells: 5/10 levels left

rFire    + . .     SeeInvis +   b - +2 arbalest of the Omega Point {velocity, MR+ Str+3 Int+2}
rCold    + . .     Gourm    .   (shield currently unavailable)
rNeg     . . .     Faith    .   U - +3 leather armour "Kufiwee" {rCorr Int-2 SInv}
rPois    .         Spirit   .   R - +2 helmet
rElec    .         Reflect  .   V - scarf {rC+ rF+}
rCorr    +         Harm     .   (no gloves)
MR       ++...                  i - +0 pair of boots
Stlth    ++........             s - amulet of magic regeneration
HPRegen  0.00/turn              p - +5 ring of protection
MPRegen  0.35/turn              I - +3 ring of evasion

@: mighty, brilliant, non-regenerating
A: damage resistance, heal wounds, sense surroundings 2, no regeneration
a: Heal Wounds, Minor Destruction, Lesser Servant of Makhleb, Renounce Religion


You were on level 12 of the Dungeon.
You worshipped Makhleb.
Makhleb was most pleased with you.
You were not hungry.

You visited 2 branches of the dungeon, and saw 13 of its levels.

You collected 506 gold pieces.
You spent 285 gold pieces at shops.

Inventory:

Hand Weapons
 a - a +0 broad axe
 b - the +2 arbalest of the Omega Point (weapon) {velocity, MR+ Str+3 Int+2}
   (You bought it in a shop on level 4 of the Dungeon)

   Any bolt fired from it inflicts extra damage.
   It affects your strength (+3).
   It affects your intelligence (+2).
   It affects your resistance to hostile enchantments.
 G - a +1 dire flail of draining
 Q - a +0 blowgun
Missiles
 d - 20 bolts (quivered)
 n - 10 tomahawks
 y - 76 poisoned needles
 Z - 2 throwing nets
Armour
 i - a +0 pair of boots (worn)
 R - a +2 helmet (worn)
 U - the +3 leather armour "Kufiwee" (worn) {rCorr Int-2 SInv}
   (You found it on level 8 of the Dungeon)

   It affects your intelligence (-2).
   It lets you see invisible.
   It protects you from acid and corrosion.
 V - a scarf of resistance (worn)
 X - a +0 buckler
Jewellery
 l - an uncursed ring of poison resistance {unknown}
 p - a +5 ring of protection (left hand)
 s - an amulet of magic regeneration (around neck)
 v - an uncursed ring of flight
 I - a +3 ring of evasion (right hand)
 L - an uncursed ring of see invisible {unknown}
 O - an uncursed ring of fire {unknown}
 T - a +5 ring of strength {unknown}
 Y - an uncursed ring of protection from cold {unknown}
Wands
 c - a wand of flame (48)
 e - a wand of random effects (11)
 f - a wand of paralysis (14)
 E - a wand of digging (19)
 J - a wand of acid (6)
Scrolls
 t - a scroll of random uselessness {unknown}
 w - 2 scrolls of fog {unknown}
 x - 4 scrolls of teleportation
 z - 2 scrolls of fear {unknown}
 A - a scroll of blinking {unknown}
 B - 9 scrolls of remove curse
 D - a scroll of silence {unknown}
 F - a scroll of amnesia {unknown}
 K - a scroll of vulnerability {unknown}
 M - 6 scrolls of magic mapping
 N - 2 scrolls of enchant weapon {unknown}
Potions
 g - 4 potions of flight
 h - a potion of might
 j - a potion of ambrosia {unknown}
 k - a potion of magic {unknown}
 o - 2 potions of agility {unknown}
 q - a potion of resistance {unknown}
 u - a potion of cancellation {unknown}
 C - 3 potions of heal wounds {unknown}
 H - 3 potions of degeneration {unknown}
 P - 2 potions of curing
 W - a potion of mutation {unknown}
Books
 m - a book of Party Tricks

   Spells                             Type                      Level
   a - Summon Butterflies             Summoning                    1
   b - Apportation                    Translocation                1
   c - Lesser Beckoning               Translocation                3
   d - Tukima's Dance                 Hexes                        3
   e - Alistair's Intoxication        Transmutation/Poison         5
   f - Invisibility                   Hexes                        6
 S - a book of Clouds

   Spells                             Type                      Level
   a - Poisonous Vapours              Poison/Air                   2
   b - Mephitic Cloud                 Conjuration/Poison/Air       3
   c - Conjure Flame                  Conjuration/Fire             3
   d - Freezing Cloud                 Conjuration/Ice/Air          6
   e - Ring of Flames                 Charms/Fire                  7
Comestibles
 r - 10 rations


   Skills:
 + Level 5.8 Fighting
   Level 2.9 Short Blades
 + Level 10.7 Axes
 * Level 9.5 Crossbows
 - Level 0.2 Throwing
 + Level 5.7 Armour
 + Level 5.9 Dodging
 + Level 3.3 Stealth
 + Level 5.7 Evocations


You had 5 spell levels left.
You knew the following spells:

 Your Spells              Type           Power        Failure   Level  Hunger
a - Poisonous Vapours     Pois/Air       #.....       4%          2    ###....
b - Mephitic Cloud        Conj/Pois/Air  #.......     10%         3    ####...


Dungeon Overview and Level Annotations

Branches:
Dungeon (12/15)            Temple (1/1) D:5            Lair (0/6) D:9
    Orc (0/2) D:11

Altars:
Ashenzari
Cheibriados
Dithmenos
Elyvilon
Fedhas
Gozag
Hepliaklqana
Kikubaaqudgha
Makhleb
Nemelex Xobeh
Okawaru
Qazlal
Ru
Sif Muna
Trog
Uskayaw
Vehumet
Wu Jian
Xom
Yredelemnul
Zin
The Shining One

Shops:
D:4 (   D:9 =   D:11 *

Annotations:
D:12 Snorg


Innate Abilities, Weirdness & Mutations

You are resistant to damage.
You can heal yourself by infusing magical energy.
You passively map the area around you.
You do not regenerate.


Message History

Snorg claws your hellwing.
Snorg claws your hellwing but does no damage.
Snorg bites your hellwing!
Snorg claws your hellwing but does no damage.
Snorg claws your hellwing.
Your hellwing hits Snorg!
Your hellwing barely misses Snorg.
Firing (i - inventory. (,) - cycle):
d - 21 bolts (quivered)
Press: ? - help, Shift-Dir - straight line, f/p - Snorg
Aim: Snorg (heavily wounded, berserk, fast, unusually strong)
You shoot a bolt. The bolt barely misses Snorg.
Snorg bites your hellwing!! Snorg claws your hellwing!!
Your hellwing dies!
Snorg bites you!
* * * LOW HITPOINT WARNING * * *
Snorg completely misses you. Snorg claws you.
Snorg rages.
Snorg bites you!!
* * * LOW HITPOINT WARNING * * *
Snorg claws you!
You die...

#.....###### , , ,
#.....>...(. ,* * ,
#...........
#........... , ,
#......... ,
#...S.(., , #...(#
* ** , #...T# *
####@# * #.# , #.#
#.# *, ,
#.###########...
#...............
#####......#####...
#..........#
#..####
######.....#
#..#...


You could see Snorg (berserk) and an adder.

Vanquished Creatures
  A two-headed ogre (D:8)
  Pikel (D:8)
  A gargoyle (D:11)
  Prince Ribbit (D:8)
  A hornet (D:11)
  A hippogriff (D:11)
  A wraith (D:10)
  5 yaks (D:10)
  2 vampires
  A wyvern (D:11)
  A hungry ghost (D:10)
  A soldier ant (D:11)
  A crocodile (D:9)
  2 water moccasins
  3 porcupines (D:9)
  The ghost of grumblor the Ducker, an amateur SpGl (D:3)
  An orc warrior (D:11)
  2 black bears (D:9)
  A phantom (D:5)
  The ghost of Shittyoctopus the Sneak, an amateur FeEE (D:5)
  5 ogres
  3 sky beasts
  A necrophage (D:8)
  3 centaurs
  8 bullfrogs
  A wyvern zombie (D:9)
  4 scorpions
  A wyvern skeleton (D:6)
  7 killer bees
  5 wights (D:9)
  3 howler monkeys
  3 crimson imps
  2 bullfrog zombies
  A quasit (D:12)
  4 hounds
  5 orc wizards
  2 bullfrog skeletons
  2 jellies
  An orc priest (D:9)
  6 worker ants
  2 killer bee zombies (D:8)
  5 gnolls
  10 adders
  2 shadow imps
  2 adder zombies (D:5)
  3 adder skeletons
  2 worms (D:3)
  4 dart slugs
  8 leopard geckos
  16 orcs
  5 ball pythons
  5 giant cockroaches
  5 goblins
  4 hobgoblins
  10 jackals
  9 kobolds
  4 quokkas
  4 bats
  2 frilled lizards
  2 jackal zombies (D:5)
  8 rats
  3 fungi (D:9)
211 creatures vanquished.

Vanquished Creatures (collateral kills)
  A black bear (D:9)
  2 killer bees (D:7)
  A howler monkey (D:9)
  A gnoll (D:5)
5 creatures vanquished.

Vanquished Creatures (others)
  A slave (D:10)
  A gnoll sergeant (D:5)
  5 killer bees
  A gnoll (D:5)
  A bush (D:9)
  27 fungi (D:9)
  14 plants (D:9)
50 creatures vanquished.

Grand Total: 266 creatures vanquished

Notes
Turn   | Place    | Note
-------+----------+-------------------------------------------
     0 | D:1      | Falco the Deep Dwarf Artificer began the quest for the Orb.
     0 | D:1      | Reached XP level 1. HP: 16/16 MP: 3/3
   704 | D:1      | Reached XP level 2. HP: 18/24 MP: 5/5
  1104 | D:1      | Reached skill level 1 in Armour
  1192 | D:1      | Reached skill level 5 in Evocations
  1285 | D:2      | Reached skill level 1 in Short Blades
  1285 | D:2      | Reached XP level 3. HP: 27/30 MP: 6/6
  1511 | D:2      | Found a hide-covered altar of Uskayaw.
  1847 | D:2      | Reached skill level 1 in Fighting
  1962 | D:3      | Reached XP level 4. HP: 8/38 MP: 6/6
  2304 | D:3      | Noticed grumblor's ghost (amateur SpGl)
  2369 | D:3      | Killed grumblor's ghost
  2369 | D:3      | Reached XP level 5. HP: 13/44 MP: 5/5
  2847 | D:3      | Found a deep blue altar of Sif Muna.
  3230 | D:4      | Found a deep blue altar of Sif Muna.
  3272 | D:4      | Reached XP level 6. HP: 27/52 MP: 6/6
  3389 | D:4      | Found Cariakergh's Antique Weapon Shoppe.
  3549 | D:5      | Entered Level 5 of the Dungeon
  3551 | D:5      | Noticed Shittyoctopus's ghost (amateur FeEE)
  3581 | D:5      | Reached skill level 1 in Axes
  3586 | D:5      | Reached skill level 2 in Axes
  3628 | D:5      | Killed Shittyoctopus's ghost
  3628 | D:5      | Reached skill level 3 in Axes
  3673 | D:5      | Reached XP level 7. HP: 40/60 MP: 5/7
  3740 | D:5      | Reached skill level 4 in Axes
  3794 | D:5      | Found a staircase to the Ecumenical Temple.
  3801 | Temple   | Entered the Ecumenical Temple
  3910 | Temple   | Became a worshipper of Makhleb the Destroyer
  4060 | D:5      | Reached skill level 5 in Axes
  4331 | D:6      | Reached XP level 8. HP: 58/68 MP: 7/7
  4400 | D:6      | Found a shattered altar of Ashenzari.
  4410 | D:6      | Reached skill level 6 in Axes
  4574 | D:6      | Reached skill level 7 in Axes
  4629 | D:4      | Bought a scorched arbalest for 285 gold pieces
  4629 | D:4      | Identified the +2 arbalest of the Omega Point {velocity, MR+ Str+3 Int+2} (You bought it in a shop on level 4 of the Dungeon)
  4688 | D:6      | Found a hazy altar of Hepliaklqana.
  4688 | D:6      | Found a sparkling altar of Nemelex Xobeh.
  4688 | D:6      | Found a sacrificial altar of Ru.
  4857 | D:6      | Found a stormy altar of Qazlal.
  5147 | D:7      | Reached * piety under Makhleb
  5590 | D:7      | Found a snail-covered altar of Cheibriados.
  5748 | D:7      | Reached skill level 8 in Axes
  5918 | D:7      | Reached skill level 1 in Crossbows
  6175 | D:8      | Learned a level 2 spell: Poisonous Vapours
  6179 | D:8      | Learned a level 3 spell: Mephitic Cloud
  6231 | D:8      | Noticed a two-headed ogre
  6250 | D:8      | Killed a two-headed ogre
  6250 | D:8      | Reached skill level 9 in Axes
  6250 | D:8      | Reached skill level 5 in Armour
  6250 | D:8      | Reached skill level 5 in Dodging
  6250 | D:8      | Gained mutation: You passively map the area around you. [Deep Dwarf growth]
  6250 | D:8      | Reached XP level 9. HP: 29/78 MP: 6/6
  6275 | D:8      | Got a brightly glowing leather armour
  6290 | D:8      | Identified the +3 leather armour "Kufiwee" {rCorr Int-2 SInv} (You found it on level 8 of the Dungeon)
  6552 | D:8      | Noticed Pikel
  6587 | D:8      | Killed Pikel
  6613 | D:8      | Noticed Prince Ribbit
  6623 | D:8      | Killed Prince Ribbit
  6623 | D:8      | Reached skill level 10 in Axes
  6759 | D:9      | Reached XP level 10. HP: 58/87 MP: 6/6
  6795 | D:9      | Reached ** piety under Makhleb
  7010 | D:9      | Reached skill level 5 in Fighting
  7011 | D:9      | Found Jusea's Jewellery Boutique.
  7050 | D:9      | Found a staircase to the Lair.
  7070 | D:9      | Reached skill level 5 in Crossbows
  7136 | D:9      | Found a blossoming altar of Fedhas.
  7283 | D:9      | Found a glowing golden altar of the Shining One.
  7428 | D:10     | Entered Level 10 of the Dungeon
  7618 | D:10     | Reached *** piety under Makhleb
  7700 | D:10     | Found a white marble altar of Elyvilon.
  8393 | D:11     | Found a staircase to the Orcish Mines.
  8404 | D:11     | Paralysed by a hornet for 2 turns
  8406 | D:11     | Paralysed by a hornet for 2 turns
  8575 | D:11     | Noticed a gargoyle
  8578 | D:11     | Killed a gargoyle
  8578 | D:11     | Reached XP level 11. HP: 71/97 MP: 7/7
  8596 | D:11     | Found Sokhuh's Assorted Antiques.
  9021 | D:12     | Noticed Snorg
  9035 | D:12     | Mangled by Snorg

Skill      XL: |  1  2  3  4  5  6  7  8  9 10 |
---------------+-------------------------------+-----
Armour         | 1 2 3 5 |  5.7
Evocations     | 5 |  5.7
Short Blades   | 1 2 |  2.9
Fighting       | 1 2 3 4 5 |  5.8
Dodging        | 3 4 5 |  5.9
Axes           | 3 5 9 10 | 10.7
Crossbows      | 2 4 9 |  9.5
Stealth        | 3 |  3.3
Throwing       | |  0.2

Action                   |  1- 3 |  4- 6 |  7- 9 | 10-12 || total
-------------------------+-------+-------+-------+-------++-------
Melee: Short sword       |   169 |   152 |       |       ||   321
       Broad axe         |       |    81 |   368 |    75 ||   524
 Fire: Blowgun           |       |    12 |       |       ||    12
       Arbalest          |       |       |       |   157 ||   157
Invok: Lesser Servant of |       |       |       |     1 ||     1
 Abil: Heal Wounds       |     2 |    10 |    10 |     2 ||    24
Evoke: Wand              |       |    11 |    11 |     4 ||    26
  Use: Scroll            |     4 |     1 |       |     5 ||    10
       Potion            |       |     4 |       |     2 ||     6
 Stab: Sleeping          |     1 |       |     2 |       ||     3
  Eat: Ration            |     1 |     2 |     3 |     3 ||     9
       Chunk             |       |     1 |       |       ||     1
Armor: Leather armour    |    49 |       |    25 |    83 ||   157
       Ring mail         |     5 |   104 |   158 |       ||   267
Dodge: Dodged            |   102 |   162 |   326 |   182 ||   772
